 Dungeon Crawl Stone Soup version 0.31.0-9-g3a7656b989 (webtiles) character file.

Game seed: 6903884891892106064

5 Killerpretzel the Changeling (level 1, 0/13 HPs)
             Began as an Octopode Shapeshifter on Feb 6, 2024.
             Slain by a jackal (3 damage)
             ... on level 1 of the Dungeon.
             The game lasted 00:00:22 (37 turns).

Killerpretzel the Changeling (Octopode Shapeshifter)  Turns: 37, Time: 00:00:23

Health: 0/13       AC:  1    Str: 13    XL:     1   Next: 80%
Magic:  1/1        EV: 13    Int: 12    God:
Gold:   10         SH:  0    Dex: 11    Spells: 0/0 levels left

rFire   . .          .
                       - Unarmed
rCold   . . .        (no shield)
rNeg    . . .        (helmet currently unavailable)
rPois   .            (no amulet)
rElec   .            (no ring)
rCorr   .            (no ring)
SInv    .            (no ring)
Will    .....        (no ring)
Stlth   ++           (no ring)
HPRegen 0.22/turn    (no ring)
MPRegen 0.07/turn    (no ring)
                     (no ring)

%: no passive effects
@: beast-form
A: beast (slay +1), almost no armour, amphibious, 8 rings, camouflage 1,
gelatinous body 1, (nimble swimmer 1), tentacles
a: Begin Untransformation


You were on level 1 of the Dungeon.
You were a hulking beast.
You visited 1 branch of the dungeon, and saw 1 of its levels.

You collected 10 gold pieces.

Inventory:

Talismans
 b - a beast talisman
 c - a flux talisman
Potions
 a - a potion of lignification


   Skills:
 + Level 1.1 Fighting
 + Level 2.1 Dodging
 + Level 3.0 Unarmed Combat
 * Level 3.1 Shapeshifting


You couldn't memorise any spells.
You didn't know any spells.
Your spell library was empty.

Dungeon Overview and Level Annotations

Branches:
Dungeon (1/15)

Altars:


Innate Abilities, Weirdness & Mutations

You are a hulking beast.
Your limbs bulge with bestial killing power. (Slay +1)
You cannot wear most types of armour.
You are amphibious.
You can wear up to eight rings at the same time.
Your skin changes colour to match your surroundings (Stealth+).
Your rubbery body absorbs attacks. (AC +1, EV +1)
((You are camouflaged when in or above water. (Stealth+)))
You have tentacles for arms and can constrict up to eight enemies at once.


Message History

The endoplasm quivers.
You tentacle-slap the jackal. Your grab misses the jackal.
You tentacle-slap the jackal.
The jackal is almost dead.
The jackal bites you. The jackal barely misses you. x2
The jackal closely misses you.
There are monsters nearby!
You are too injured to fight recklessly!
There are monsters nearby!
The jackal barks!
The jackal attacks as it pursues you! The jackal barely misses you.
You barely miss the jackal. You grab the jackal.
The jackal is almost dead.
You constrict the jackal, but do no damage.
The jackal closely misses you. x3; The jackal bites you.
You barely miss the jackal. You grab the jackal. You constrict the jackal.
You kill the jackal!
You constrict the jackal, but do no damage.
The jackal bites you. The jackal closely misses you.
You tentacle-slap the jackal.
You squeeze the jackal, but do no damage.
The jackal is lightly wounded.
You constrict the jackal. The jackal closely misses you.
The jackal barely misses you.
You barely miss the jackal.
The jackal is lightly wounded.
You constrict the jackal. The jackal closely misses you. The jackal bites you.
The endoplasm barely misses you. The jackal closely misses you.
The jackal bites you.
* * * LOW HITPOINT WARNING * * *
You tentacle-slap the jackal. You squeeze the jackal.
You kill the jackal!
The endoplasm jiggles.
The endoplasm barely misses you. The jackal barely misses you.
The endoplasm closely misses you.
You see here a jackal corpse.
The endoplasm closely misses you. The jackal bites you.
* * * LOW HITPOINT WARNING * * *
The jackal bites you.
You die...

##### ##### ##### #...#
#...# #...# # #.⌠.#
#.>h# #†>?# ..#
#...###..h###..†###.h...
#........J...........h.#
#.<..................h.#
#..............$(......#
#...###...###...###....#
#.⌠.# #...# #...# ....#
#...# #...# #...# ...#
##### ##### ##### ###


You could see an endoplasm and a jackal.

Vanquished Creatures
  A hobgoblin (D:1)
  3 jackals (D:1)
4 creatures vanquished.

Notes
Turn   | Place    | Note
-------+----------+-------------------------------------------
     0 | D:1      | Killerpretzel the Octopode Shapeshifter began the quest for
                  | the Orb.
     0 | D:1      | Reached XP level 1. HP: 13/13 MP: 1/1
    37 | D:1      | Slain by a jackal

Illustrated notes

Levels and vault maps discovered:
D:1:      minmay_arrival_hallway, layout_loops_ring, serial_bayou_pond_d

Action                     || total
---------------------------++-------
  Melee: Unarmed           ||    10
         Constrict         ||     4
         Tentacles         ||     3
         Punch             ||     1
 Armour: Skin              ||     9
  Dodge: Dodged            ||    19
